 Dungeon Crawl Stone Soup version 0.24-a0-581-gc0fa6600bf (webtiles) character file.

Game seed: 16225011099871837573

91 Peloso the Shield-Bearer (level 4, 0/41 HPs)
             Began as a Minotaur Fighter on Aug 24, 2019.
             Slain by an iron imp (3 damage)
             ... summoned by Natasha
             ... on level 3 of the Dungeon.
             The game lasted 00:03:47 (1322 turns).

Peloso the Shield-Bearer (Minotaur Fighter)         Turns: 1322, Time: 00:03:47

Health: 0/41       AC:  8    Str: 20    XL:     4   Next: 34%
Magic:  3/3        EV:  8    Int:  5    God:
Gold:   93         SH:  9    Dex: 11    Spells: 3/3 levels left

rFire    . . .     SeeInvis .   a - +0 long sword
rCold    . . .     Gourm    .   c - +0 shield
rNeg     . . .     Faith    .   b - +0 scale mail
rPois    .         Spirit   .   (helmet restricted)
rElec    .         Reflect  .   (no cloak)
rCorr    .         Harm     .   i - +0 pair of gloves
MR       .....                  (no boots)
Stlth    ..........             l - amulet of rage
HPRegen  0.13/turn              (no ring)
MPRegen  0.08/turn              (no ring)

@: slowed, very slow
A: retaliatory headbutt, horns 2
a: Evoke Berserk Rage


You were on level 3 of the Dungeon.
You were hungry.

You visited 1 branch of the dungeon, and saw 3 of its levels.

You collected 93 gold pieces.

Inventory:

Hand Weapons
 a - a +0 long sword (weapon)
Armour
 b - a +0 scale mail (worn)
 c - a +0 shield (worn)
 i - a +0 pair of gloves (worn)
Jewellery
 l - an amulet of rage (around neck)
Scrolls
 h - 3 scrolls of identify {unknown}
Potions
 d - a potion of might
 e - 2 potions of curing {unknown}
 g - a potion of agility {unknown}
 j - 2 potions of mutation {unknown}
 k - a potion of ambrosia {unknown}
 m - a potion of invisibility {unknown}
Comestibles
 f - 3 rations
 n - 2 chunks of flesh


   Skills:
 + Level 4.4 Fighting
 + Level 3.2 Long Blades
 + Level 4.3 Armour
 + Level 0.9 Dodging
 + Level 4.5 Shields


You had 3 spell levels left.
You didn't know any spells.
Your spell library was empty.

Dungeon Overview and Level Annotations

Branches:
Dungeon (3/15)

Altars:
Nemelex Xobeh
Yredelemnul
Zin

Annotations:
D:3 Natasha


Innate Abilities, Weirdness & Mutations

You reflexively headbutt those who attack you in melee.
You have a pair of horns on your head.


Message History

Natasha stares at you and mumbles some strange words.
You resist with some effort. The iron imp hits you.
* * * LOW HITPOINT WARNING * * *
Natasha casts a spell.
You hit Natasha.
Natasha is almost dead.
The white imp shouts, "Fly, thou feeble guts-griping walking sirloin!"
Natasha claws you.
* * * LOW HITPOINT WARNING * * *
The iron imp hits you.
* * * LOW HITPOINT WARNING * * *
The crimson imp hits you but does no damage.
Natasha claws you but does no damage.
The crimson imp blinks!
The iron imp hits you.
* * * LOW HITPOINT WARNING * * *
You barely miss Natasha.
Natasha is almost dead.
Natasha stares at you and mumbles some strange words.
You resist with some effort. The iron imp hits you.
You die...

#........ ####...# ##
##.## .### #.######..(#
... #........... #..
.######.##...# #..
........###.##
#.5###.######.# #.# (
#5h@...# #.# #.##
#.....##.########.###.#.
#...#......[.....#....#.
#...............###...(.
......>.########.#......
####.## ##.###### #. ###
. ##


You could see an iron imp, Natasha and a white imp.

Vanquished Creatures
  Natasha (D:3)
  3 adders (D:2)
  A leopard gecko (D:3)
  2 ball pythons (D:2)
  3 goblins
  2 hobgoblins
  7 jackals (D:2)
  A quokka (D:2)
  7 bats
  3 frilled lizards
  7 kobolds (D:2)
  4 rats
41 creatures vanquished.

Notes
Turn   | Place    | Note
-------+----------+-------------------------------------------
     0 | D:1      | Peloso the Minotaur Fighter began the quest for the Orb.
     0 | D:1      | Reached XP level 1. HP: 19/19 MP: 0/0
    89 | D:1      | Reached XP level 2. HP: 7/27 MP: 1/1
   116 | D:2      | HP: 1/27 [rat (3)]
   465 | D:2      | Reached XP level 3. HP: 28/33 MP: 2/2
   562 | D:2      | Found a glowing silver altar of Zin.
   649 | D:2      | Found a sparkling altar of Nemelex Xobeh.
  1027 | D:3      | Found a basalt altar of Yredelemnul.
  1033 | D:3      | Noticed Natasha
  1039 | D:3      | Killed Natasha
  1039 | D:3      | Reached XP level 4. HP: 22/41 MP: 3/3
  1309 | D:3      | Noticed Natasha
  1321 | D:3      | HP: 2/41 [iron imp[Natasha] (2)]
  1322 | D:3      | Slain by an iron imp

Levels and vault maps discovered:
D:1:      dpeg_arrival_court, layout_basic
D:2:      layout_rooms, nemelex_xobeh_ov_fountains_minmay,
          nicolae_overflow_crystal_walls
D:3:      layout_loops_ring, yredelemnul_altar_generic, first_ration,
          uniq_natasha

Skill      XL: |  1  2  3 |
---------------+----------+-----
Fighting       | 4 |  4.4
Armour         | 4 |  4.3
Shields        | 4 |  4.5
Long Blades    | 3 |  3.2
Dodging        | |  0.9

Action                   |  1- 3 |  4- 6 || total
-------------------------+-------+-------++-------
Melee: Long sword        |    88 |    19 ||   107
       Headbutt          |    15 |     1 ||    16
  Eat: Chunk             |       |     1 ||     1
Armor: Scale mail        |    67 |     6 ||    73
Dodge: Dodged            |    44 |     1 ||    45
Block: Shield            |    89 |    10 ||    99
       Rpst.: Long sword |     9 |       ||     9

Table legend:
 A = Non-vault XP
 B = Vault XP
 C = Vault XP percentage of total XP
 D = Non-vault monster count
 E = Vault monster count
 F = Vault count percentage of total count
                 A         B        C        D         E       F
            +---------+---------+-------+---------+---------+-------
      Total |      96 |      35 |  26.7 |      40 |       1 |   2.4
            +---------+---------+-------+---------+---------+-------
        D:1 |      14 |       0 |   0.0 |      10 |       0 |   0.0
        D:2 |      76 |       0 |   0.0 |      27 |       0 |   0.0
        D:3 |       6 |      35 |  85.4 |       3 |       1 |  25.0
            +---------+---------+-------+---------+---------+-------
